 Dungeon Sprint DCSS version 0.19-a0-1097-g38e3b35 (webtiles) character file.

116127 Kidiri the Imperceptible (level 15, -4/80 HPs)
             Began as a Spriggan Enchanter on Aug 8, 2016.
             Was the Champion of Dithmenos.
             Shot with a bolt by a yaktaur captain (37 damage)
             ... in the Dungeon (Sprint III: "The Ten Rune Challenge").
             The game lasted 00:44:04 (10702 turns).

Kidiri the Imperceptible (Spriggan Enchanter)      Turns: 10702, Time: 00:44:08

Health: -4/80      AC: 12    Str:  7    XL:     15   Next: 45%
Magic:  26/44      EV: 35    Int: 35    God:    Dithmenos [******]
Gold:   2208       SH:  0    Dex: 18    Spells: 12 memorised, 8 levels left

rFire  . . .     SeeInvis +     E - +1 rapier (elec)
rCold  + . .     Gourm    .     K - +1 robe {rC+}
rNeg   . . .     Faith    .     (shield restricted)
rPois  .         Spirit   .     x - +3 hat of Pondering {ponderous, MR+ MP+10 Int+5}
rElec  +         Dismiss  +     (no cloak)
rCorr  .         Reflect  .     (gloves unavailable)
SustAt .         Harm     .     (boots unavailable)
MR     +++..     NoTele   +     y - amulet of dismissal
Stlth  ++++++++++               H - ring of Altruism {rElec AC+4 Int+4}
                                P - ring "Joxahyg" {+Blink Str+3 Int+5 Slay+3}

@: wreathed by umbra, very quick
A: unfitting armour, rough black scales 1, see invisible, herbivore 3, speed 3,
low mp 1, mutation resistance 1, slow metabolism 2, MP-powered wands
a: Shadow Step, Shadow Form, Renounce Religion, Evoke Blink
}: 2/10 runes: serpentine, barnacled


You were in the Dungeon.
You worshipped Dithmenos.
Dithmenos was exalted by your worship.
You were not hungry.

You visited 1 branch You collected 6517 gold pieces.
You spent 4309 gold pieces at shops.

Inventory:

Hand Weapons
 E - a +1 rapier of electrocution (weapon)
Missiles
 f - 6 throwing nets (quivered)
Armour
 x - the +3 hat of Pondering (worn) {ponderous, MR+ MP+10 Int+5}
   (You bought it in a shop in the Dungeon)

   It affects your intelligence (+5).
   It affects your resistance to hostile enchantments.
   It affects your magic capacity (+10).
 K - a +1 robe of cold resistance (worn)
Jewellery
 d - the ring of Xorphubao {rPois SInv}
   (You took it off a deep elf high priest in the Dungeon)

   [ring of see invisible]

   It protects you from poison.
   It lets you see invisible.
 y - an amulet of dismissal (around neck)
 G - an uncursed ring of sustain attributes
 H - the ring of Altruism (right hand) {rElec AC+4 Int+4}
   (You took it off a deep elf annihilator in the Dungeon)

   [ring of protection]

   It affects your AC (+4).
   It affects your intelligence (+4).
   It insulates you from electricity.
 P - the ring "Joxahyg" (left hand) {+Blink Str+3 Int+5 Slay+3}
   (You found it in the Dungeon)

   [ring of intelligence]

   It affects your strength (+3).
   It affects your intelligence (+5).
   It affects your accuracy and damage with ranged weapons and melee attacks
   (+3).
   It lets you blink.
Wands
 m - a wand of paralysis (14/24)
 w - a wand of heal wounds (3/9)
 C - a wand of lightning (8/15)
Scrolls
 a - a scroll of silence {unknown}
 c - 3 scrolls of amnesia
 l - a scroll of holy word
 n - 2 scrolls of remove curse
 q - a scroll of torment {unknown}
 u - a scroll of enchant armour {unknown}
Potions
 g - a potion of haste
 i - a potion of berserk rage
 j - a potion of curing
 k - a potion of might
 o - 4 potions of cure mutation
 p - 3 potions of flight
Books
 v - a book of Clouds

   Spells                             Type                      Level
   a - Mephitic Cloud                 Conjuration/Poison/Air       3
   b - Conjure Flame                  Conjuration/Fire             3
   c - Poisonous Cloud                Conjuration/Poison/Air       6
   d - Freezing Cloud                 Conjuration/Ice/Air          6
   e - Ring of Flames                 Charms/Fire                  7
Comestibles
 s - 28 royal jellies
 B - 4 fruits


   Skills:
 + Level 9.8 Fighting
 + Level 14.1 Short Blades
 + Level 9.1 Armour
 + Level 20.3 Dodging
 * Level 24.3 Stealth
 * Level 18.4 Spellcasting
 + Level 8.9 Conjurations
 + Level 14.0 Hexes
 + Level 9.8 Ice Magic
 * Level 13.2 Air Magic
 - Level 4.0 Invocations


You had 8 spell levels left.
You knew the following spells:

 Your Spells              Type           Power        Failure   Level  Hunger
a - Corona                Hex            #######      0%          1    None
b - Ensorcelled Hibernat  Hex/Ice        ######       0%          2    None
c - Confuse               Hex            #######.     0%          3    None
d - Tukima's Dance        Hex            #######.     0%          3    None
e - Dazzling Spray        Conj/Hex       ######       1%          3    None
f - Airstrike             Air            #######...   1%          4    None
g - Deflect Missiles      Chrm/Air       ######....   12%         6    None
h - Tornado               Air            #######...   100%        9    ######.
i - Freezing Cloud        Conj/Ice/Air   #######...   1%          6    None
j - Blink                 Tloc           N/A          1%          2    None
k - Shroud of Golubria    Chrm/Tloc      ####......   1%          2    None
l - Apportation           Tloc           ####......   1%          1    None


Dungeon Overview and Level Annotations

Branches:
Dungeon (1/1)

Altars:
Cheibriados
Dithmenos
Elyvilon
Fedhas
Gozag
Hepliaklqana
Kikubaaqudgha
Makhleb
Nemelex Xobeh
Okawaru
Pakellas
Qazlal
Ru
Sif Muna
Trog
Uskayaw
Vehumet
Xom
Yredelemnul
Zin
The Shining One
Jiyva
Lugonu

Shops:
D :%([:[?*%[!%:?}%=([

Annotations:
D exclusion: door


Innate Abilities, Weirdness & Mutations

You are tiny and cannot use many weapons and most armour.
You have supernaturally acute eyesight. (SInv)
You are a herbivore.
You cover ground extremely quickly.
You need consume almost no food.
You are partially covered in rough black scales. (AC +2, Dex -1)
Your magical capacity is low. (-10% MP)
You are somewhat resistant to further mutation.
You expend magic power (3 MP) to strengthen your wands.


Message History

Casting: Freezing Cloud
Confirm with . or Enter, or press ? or * to list all spells.
Aiming: Freezing Cloud
Press: ? - help, Dir - move target cursor, f - yaktaur captain, p - bush
Aim: a yaktaur captain (severely wounded, umbra)
The bush is engulfed in freezing vapours. x3
You destroy the bush!
The yaktaur captain is engulfed in freezing vapours.
The yaktaur captain wields an arbalest of chaos.
It is briefly surrounded by a scintillating aura of random colours.
The yaktaur captain shoots a bolt.
The bolt closely misses you.
Unknown command.
The bush is engulfed in freezing vapours. x4
The bush is engulfed in freezing vapours.
You destroy the bush!
The bush is engulfed in freezing vapours. x2
You destroy the bush!
The yaktaur captain is engulfed in freezing vapours.
The yaktaur captain shoots a bolt.
The bolt hits you!!!
You die...

#...#...#..#..PPP.#
##+###+##..#.§Pc§.#
###.......+..#..P§§.#
#.#.#####.####....§.#
..'.#)..+.#}.#..†...#
..#######.+..#.(....#
###.....#.####......#
∩.#..#..#.#..#§(...†#
∩.#.#)#.#.'..#§§@...#
∩.#....)#.#..#.§....#
∩.#)....#.#..'......#
..#.#)#.+.#..#......#
###..#..#.#[.#...^..#
⌠.#.....###########+#
..####### ..# ..#


You could see a yaktaur captain.

Vanquished Creatures
  Rupert (D)
  A deep elf blademaster (D)
  Polyphemus (D)
  Gastronok (D)
  Dowan (D)
  4 azure jellies (D)
  Ilsuiw (D)
  A greater naga (D)
  2 deep elf annihilators (D)
  2 deep elf demonologists (D)
  2 dire elephants (D)
  A merfolk javelineer (D)
  A fire dragon (D)
  Erolcha (D)
  2 deep elf high priests (D)
  A naga warrior (D)
  2 hydras (D)
  2 anacondas (D)
  A centaur warrior (D)
  4 dancing weapons (D)
  4 death yaks (D)
  Urug (D)
  A hell hog (shapeshifter) (D)
  A death drake (D)
  A sea snake (D)
  A spriggan druid (D)
  A lindwurm (D)
  An orange crystal statue (D)
  An orc sorcerer (D)
  An orc knight (D)
  2 mana vipers (shapeshifter) (D)
  6 deep elf magi (D)
  2 ugly things (D)
  2 elephants (D)
  A guardian serpent (D)
  A torpor snail (shapeshifter) (D)
  9 black mambas (D)
  2 spiny frogs (D)
  Duvessa (D)
  A rime drake (D)
  A komodo dragon (D)
  A merfolk (shapeshifter) (D)
  A queen bee (D)
  4 spriggan defenders (D)
  3 wandering mushrooms (D)
  2 giant leeches (D)
  8 blink frogs (D)
  3 orc high priests (D)
  2 spriggans (D)
  2 slime creatures (D)
  5 redbacks (D)
  A shadow (D)
  2 nagas (D)
  2 hill giants (D)
  A spatial vortex (D)
  2 orc warriors (D)
  3 water moccasins (D)
  A swamp drake (D)
  A necrophage (D)
  3 two-headed ogres (D)
  A water elemental (D)
  A scorpion (D)
  32 killer bees (D)
  An electric eel (D)
  A jelly (D)
  3 orc priests (D)
  A wizard (D)
  Jessica (D)
  A necromancer (D)
  3 sheep (D)
  3 humans (D)
  A kobold demonologist (D)
  2 adders (D)
  An ooze (D)
  11 orcs (D)
  2 rats (D)
  3 bushes (D)
  13 plants (D)
201 creatures vanquished.

Vanquished Creatures (collateral kills)
  An orc (D)
1 creature vanquished.

Vanquished Creatures (others)
  2 draconian scorchers (D)
  Nessos (D)
  6 hellions (D)
  2 yaktaurs (D)
  2 dancing weapons (D)
  10 plants (D)
23 creatures vanquished.

Grand Total: 225 creatures vanquished

Notes
Turn   | Place    | Note
-------+----------+-------------------------------------------
     0 | D        | Kidiri the Spriggan Enchanter began the quest for the Orb.
     0 | D        | Reached XP level 1. HP: 9/9 MP: 5/5
    93 | D        | Killed a hellion
    98 | D        | Killed a yaktaur
   120 | D        | Killed a hellion
   150 | D        | Killed a hellion
   210 | D        | Killed a hellion
   240 | D        | Killed a white draconian scorcher
   257 | D        | Killed a hellion
   277 | D        | Killed a white draconian scorcher
   310 | D        | Noticed Jessica
   312 | D        | Killed Jessica
   312 | D        | Reached skill level 1 in Fighting
   312 | D        | Reached skill level 1 in Armour
   312 | D        | Reached skill level 6 in Stealth
   312 | D        | Reached XP level 2. HP: 14/14 MP: 5/7
   312 | D        | Reached XP level 3. HP: 18/18 MP: 6/9
   316 | D        | Killed a hellion
   323 | D        | Learned a level 2 spell: Ensorcelled Hibernation
   327 | D        | Learned a level 3 spell: Confuse
   331 | D        | Learned a level 3 spell: Dazzling Spray
   367 | D        | Reached skill level 5 in Dodging
   390 | D        | Noticed a scorpion
   397 | D        | Killed a scorpion
   397 | D        | Reached skill level 7 in Stealth
   397 | D        | Reached skill level 1 in Ice Magic
   397 | D        | Reached XP level 4. HP: 23/23 MP: 8/11
   404 | D        | Learned a level 3 spell: Tukima's Dance
   419 | D        | Gained mutation: You are partially covered in rough black scales. (AC +2, Dex -1) [potion of mutation]
   419 | D        | Gained mutation: Your magical capacity is low. (-10% MP) [potion of mutation]
   419 | D        | Gained mutation: You expend magic power (3 MP) to strengthen your wands. [potion of mutation]
   420 | D        | Gained mutation: You are somewhat resistant to further mutation. [potion of mutation]
   442 | D        | Noticed a water elemental
   445 | D        | Killed a water elemental
   445 | D        | Reached skill level 5 in Spellcasting
   445 | D        | Reached skill level 1 in Conjurations
   445 | D        | Reached XP level 5. HP: 26/26 MP: 10/12
   462 | D        | Noticed a shadow
   534 | D        | Killed a shadow
   534 | D        | Reached skill level 5 in Short Blades
   534 | D        | Reached skill level 9 in Stealth
   534 | D        | Reached skill level 5 in Hexes
   534 | D        | Reached XP level 6. HP: 27/32 MP: 0/15
   703 | D        | Found an oddly glowing altar of Pakellas.
   703 | D        | Found a stormy altar of Qazlal.
   704 | D        | Found a sacrificial altar of Ru.
   704 | D        | Found a burning altar of Makhleb.
   704 | D        | Found a viscous altar of Jiyva.
   704 | D        | Found a shimmering altar of Xom.
   704 | D        | Found a shadowy altar of Dithmenos.
   704 | D        | Found a sparkling altar of Nemelex Xobeh.
   704 | D        | Found a corrupted altar of Lugonu.
   704 | D        | Found an opulent altar of Gozag.
   704 | D        | Noticed a spatial vortex
   708 | D        | Became a worshipper of Dithmenos the Shadowed
   837 | D        | Killed a spatial vortex
   837 | D        | Reached skill level 10 in Stealth
   837 | D        | Reached skill level 1 in Invocations
   953 | D        | Killed Nessos
   963 | D        | Found a hide-covered altar of Uskayaw.
   963 | D        | Found a radiant altar of Vehumet.
   964 | D        | Found a deep blue altar of Sif Muna.
   964 | D        | Found an ancient bone altar of Kikubaaqudgha.
   978 | D        | Learned a level 4 spell: Airstrike
   988 | D        | Found a glowing silver altar of Zin.
   989 | D        | Found a glowing golden altar of the Shining One.
   989 | D        | Found a white marble altar of Elyvilon.
   989 | D        | Noticed a deep elf mage
   993 | D        | Killed a deep elf mage
   993 | D        | Reached * piety under Dithmenos
   993 | D        | Reached skill level 11 in Stealth
   993 | D        | Reached skill level 1 in Air Magic
   993 | D        | Reached XP level 7. HP: 37/37 MP: 14/18
  1028 | D        | Learned a level 6 spell: Deflect Missiles
  1028 | D        | Found an iron altar of Okawaru.
  1029 | D        | Found a hazy altar of Hepliaklqana.
  1029 | D        | Found a bloodstained altar of Trog.
  1029 | D        | Noticed a human
  1029 | D        | Noticed a human
  1031 | D        | Killed a human
  1031 | D        | Reached skill level 10 in Dodging
  1032 | D        | Killed a human
  1032 | D        | Reached ** piety under Dithmenos
  1032 | D        | Reached XP level 8. HP: 42/42 MP: 19/19
  1053 | D        | Found a snail-covered altar of Cheibriados.
  1054 | D        | Found a basalt altar of Yredelemnul.
  1054 | D        | Found a blossoming altar of Fedhas.
  1083 | D        | Reached skill level 12 in Stealth
  1087 | D        | Reached *** piety under Dithmenos
  1180 | D        | Noticed Erolcha
  1182 | D        | Killed Erolcha
  1182 | D        | Reached skill level 13 in Stealth
  1182 | D        | Reached skill level 10 in Spellcasting
  1182 | D        | Reached XP level 9. HP: 46/46 MP: 21/21
  1183 | D        | Reached **** piety under Dithmenos
  1386 | D        | Noticed a queen bee
  1394 | D        | Reached ***** piety under Dithmenos
  1583 | D        | Reached skill level 5 in Fighting
  1711 | D        | Reached ****** piety under Dithmenos
  1739 | D        | Reached skill level 14 in Stealth
  1855 | D        | Killed a queen bee
  1855 | D        | Reached skill level 10 in Short Blades
  1855 | D        | Reached XP level 10. HP: 19/51 MP: 1/23
  2057 | D        | Learned a level 9 spell: Tornado
  2219 | D        | Reached skill level 5 in Ice Magic
  2307 | D        | Reached skill level 5 in Armour
  2316 | D        | Noticed a spiny frog
  2316 | D        | Noticed a spiny frog
  2319 | D        | Killed a spiny frog
  2319 | D        | Reached skill level 5 in Air Magic
  2321 | D        | Killed a spiny frog
  2321 | D        | Reached skill level 15 in Stealth
  2470 | D        | Noticed a lindwurm
  2473 | D        | Killed a lindwurm
  2473 | D        | Reached skill level 5 in Conjurations
  2482 | D        | Noticed Urug
  2484 | D        | Killed Urug
  2484 | D        | Reached XP level 11. HP: 56/56 MP: 25/25
  2551 | D        | Noticed a five-headed hydra
  2551 | D        | Noticed a five-headed hydra
  2554 | D        | Killed a five-headed hydra
  2554 | D        | Reached skill level 16 in Stealth
  2555 | D        | Killed a five-headed hydra
  2600 | D        | Noticed a death drake
  2602 | D        | Killed a death drake
  2611 | D        | Found a blossoming altar of Fedhas.
  2611 | D        | Noticed a spriggan druid
  2613 | D        | Killed a spriggan druid
  2614 | D        | Reached skill level 15 in Dodging
  2653 | D        | Noticed Polyphemus
  2654 | D        | Noticed a sea snake
  2654 | D        | Noticed Ilsuiw
  2654 | D        | Found Umaxkupn's Book Emporium.
  2657 | D        | HP: 2/57 [Polyphemus (22)]
  2659 | D        | Killed Polyphemus
  2659 | D        | Reached skill level 17 in Stealth
  2659 | D        | Reached skill level 10 in Hexes
  3327 | D        | Killed Ilsuiw
  3457 | D        | Killed a sea snake
  3460 | D        | Found Tarchun's Antique Armour Shop.
  3461 | D        | Found Deyniq's Magic Scroll Shoppe.
  3462 | D        | Noticed a merfolk javelineer
  3464 | D        | Killed a merfolk javelineer
  3477 | D        | Got a barnacled rune of Zot
  3577 | D        | Reached XP level 12. HP: 56/63 MP: 18/28
  3626 | D        | Noticed Rupert
  3629 | D        | Killed Rupert
  3629 | D        | Reached skill level 18 in Stealth
  3636 | D        | Noticed a death yak
  3637 | D        | Noticed a death yak
  3637 | D        | Noticed an azure jelly
  3637 | D        | Noticed a death yak
  3637 | D        | Noticed an azure jelly
  3637 | D        | Noticed a death yak
  3638 | D        | Killed a death yak
  3639 | D        | Killed a death yak
  3642 | D        | Killed a death yak
  3890 | D        | Killed a death yak
  4016 | D        | Noticed an anaconda
  4021 | D        | Reached skill level 19 in Stealth
  4021 | D        | Reached skill level 15 in Spellcasting
  4023 | D        | Killed an anaconda
  4086 | D        | Noticed an anaconda
  4092 | D        | Killed an anaconda
  4092 | D        | Reached skill level 10 in Air Magic
  4424 | D        | Noticed a naga warrior
  4424 | D        | Noticed a greater naga
  4424 | D        | Found Tiqa's Book Boutique.
  4424 | D        | Found Hous's Food Emporium.
  4424 | D        | Found Xareidaulo's Antique Weapon Shop.
  4428 | D        | Killed a naga warrior
  4429 | D        | Killed a greater naga
  4429 | D        | Reached XP level 13. HP: 68/68 MP: 25/30
  4447 | D        | Got a serpentine rune of Zot
  4523 | D        | Noticed an azure jelly
  4523 | D        | Noticed an azure jelly
  4524 | D        | Noticed a dire elephant
  4524 | D        | Noticed a dire elephant
  4524 | D        | Noticed Gastronok
  4540 | D        | Killed Gastronok
  4667 | D        | Killed a dire elephant
  4667 | D        | Reached skill level 20 in Stealth
  4900 | D        | Killed a dire elephant
  5248 | D        | Noticed Dowan
  5249 | D        | Noticed Duvessa
  5250 | D        | Killed Dowan
  5264 | D        | Killed Duvessa
  5521 | D        | Found Inkevot's Armour Emporium.
  5653 | D        | HP: 2/103 [orc knight (20)]
  6421 | D        | Killed an azure jelly
  6518 | D        | Killed an azure jelly
  6635 | D        | Killed an azure jelly
  6635 | D        | Reached skill level 21 in Stealth
  6711 | D        | Killed an azure jelly
  6908 | D        | Bought a manual of Stealth for 1324 gold pieces
  7047 | D        | Bought a book of Clouds for 450 gold pieces
  7094 | D        | Learned a level 6 spell: Freezing Cloud
  7203 | D        | Bought the Incunabulum of Virous Dislocation for 780 gold pieces
  7206 | D        | Learned a level 2 spell: Blink
  7209 | D        | Learned a level 2 spell: Shroud of Golubria
  7338 | D        | Noticed a deep elf demonologist
  7556 | D        | Noticed a deep elf annihilator
  7561 | D        | Noticed a deep elf blademaster
  7668 | D        | Noticed a deep elf annihilator
  7746 | D        | Killed a deep elf annihilator
  7746 | D        | Reached skill level 22 in Stealth
  7746 | D        | Reached XP level 14. HP: 75/75 MP: 11/32
  8417 | D        | Got a pitted turquoise ring
  8866 | D        | Found Igusk's Book Emporium.
  8866 | D        | Found Wudwust's Gadget Shop.
  8866 | D        | Found Noych's Antique Armour Shoppe.
  8866 | D        | Found Posog's Food Boutique.
  8866 | D        | Found Qaah's Magic Scroll Emporium.
  8866 | D        | Found Rasain's Antique Weapon Shop.
  8866 | D        | Found Baosab's Jewellery Emporium.
  8866 | D        | Found Gioshoa's Food Boutique.
  8867 | D        | Found Ruongaes's Distillery.
  8867 | D        | Found Ajid Tita's Armour Shoppe.
  8867 | D        | Found Nigrol's Food Shop.
  8867 | D        | Found Jaedub's Assorted Antiques.
  8881 | D        | Bought a potion of curing for 75 gold pieces
  8884 | D        | Bought a potion of experience for 500 gold pieces
  8889 | D        | Bought the +3 hat of Pondering {ponderous, MR+ MP+10 Int+5} for 444 gold pieces
  8901 | D        | Bought an uncursed amulet of dismissal for 360 gold pieces
  8901 | D        | Bought a +3 ring of intelligence for 188 gold pieces
  8901 | D        | Bought a +3 ring of dexterity for 188 gold pieces
  8912 | D        | Identified the ring of Xorphubao {rPois SInv} (You took it off a deep elf high priest in the Dungeon)
  9153 | D        | Reached skill level 23 in Stealth
  9204 | D        | Reached XP level 15. HP: 80/80 MP: 34/34
  9696 | D        | Learned a level 1 spell: Apportation
  9886 | D        | Got a serpentine wooden ring
  9891 | D        | Got a distressingly furry ring mail
  9945 | D        | Identified the ring of Altruism {rElec AC+4 Int+4} (You took it off a deep elf annihilator in the Dungeon)
 10215 | D        | Killed a deep elf blademaster
 10215 | D        | Reached skill level 24 in Stealth
 10360 | D        | Identified the Collected Works on the Unholy Frostbite
 10368 | D        | Identified the Guide on Supportive Execration
 10371 | D        | Got a serpentine bronze ring
 10376 | D        | Identified the ring "Joxahyg" {+Blink Str+3 Int+5 Slay+3} (You found it in the Dungeon)
 10702 | D        | Shot with a bolt by a yaktaur captain

Vault maps used:
D:        dungeon_sprint_mu

Skill      XL: |  1  2  3  4  5  6  7  8  9 10 11 12 13 14 15 |
---------------+----------------------------------------------+-----
Short Blades   | 2 4 5 7 8 10 11 12 13 14 | 14.1
Spellcasting   | 3 4 5 6 8 10 11 12 14 15 17 18 | 18.4
Fighting       | 1 2 3 4 5 6 7 8 9 |  9.8
Armour         | 1 2 3 4 5 6 7 8 9 |  9.1
Dodging        | 4 5 6 7 9 10 11 12 14 16 18 19 20 | 20.3
Stealth        | 6 7 9 11 13 14 15 17 19 22 23 24 | 24.3
Hexes          | 4 5 6 7 8 9 10 11 13 14 | 14.0
Ice Magic      | 1 2 3 4 5 6 8 9 |  9.8
Conjurations   | 1 2 3 4 5 6 7 8 |  8.9
Invocations    | 2 3 4 |  4.0
Air Magic      | 1 2 3 4 6 8 10 12 13 | 13.2

Action                   |  1- 3 |  4- 6 |  7- 9 | 10-12 | 13-15 || total
-------------------------+-------+-------+-------+-------+-------++-------
Melee: Dagger            |    20 |    23 |    51 |    66 |   326 ||   486
       Rapier            |       |       |       |       |    14 ||    14
 Cast: Corona            |     6 |       |       |       |     1 ||     7
       Ensorcelled Hiber |     1 |     1 |    42 |    20 |    21 ||    85
       Dazzling Spray    |       |    20 |     9 |    32 |   104 ||   165
       Tukima's Dance    |       |       |     2 |       |     3 ||     5
       Airstrike         |       |       |       |    12 |    17 ||    29
       Freezing Cloud    |       |       |       |       |    28 ||    28
       Confuse           |       |       |       |       |     2 ||     2
       Blink             |       |       |       |       |     4 ||     4
       Shroud of Golubri |       |       |       |       |     2 ||     2
       Apportation       |       |       |       |       |    14 ||    14
       Deflect Missiles  |       |       |       |       |     1 ||     1
Invok: Shadow Step       |       |       |     1 |    17 |    10 ||    28
 Abil: Evoke Blink       |       |       |       |       |     4 ||     4
  Use: Scroll            |       |     3 |     1 |       |     3 ||     7
       Potion            |       |     6 |     1 |       |     3 ||    10
 Stab: Sleeping          |     5 |     5 |    34 |    58 |    30 ||   132
       Invisible         |       |       |     4 |     3 |    10 ||    17
       Distracted        |       |       |       |     1 |       ||     1
       Confused          |       |       |       |       |     4 ||     4
  Eat: Royal jelly       |       |       |     1 |       |     1 ||     2
       Fruit             |       |       |       |     4 |     2 ||     6
       Bread ration      |       |       |       |       |     1 ||     1
Armor: Robe              |     2 |     1 |     3 |     1 |    10 ||    17
Dodge: Dodged            |    14 |    18 |    59 |    52 |   238 ||   381
       Deflected         |       |       |       |       |     1 ||     1
